 Dungeon Crawl Stone Soup version 0.14-a0-2881-g20de702 (webtiles) character file.

142 Herrn the Skirmisher (level 3, -1/28 HPs)
             Began as a Demonspawn Skald on Feb 28, 2014.
             Slain by a giant goldfish zombie (2 damage)
             ... on Level 2 of the Dungeon.
             The game lasted 00:03:54 (1548 turns).

Herrn the Skirmisher (Demonspawn Skald)             Turns: 1548, Time: 00:03:55

HP  -1/28        AC  8     Str 12      XL: 3   Next:  8%
MP   6/6         EV  5     Int 13      God:
Gold 110         SH  0     Dex 13      Spells:  1 memorised,  5 levels left

rFire  . . .     SeeInvis .     a - +0 falchion
rCold  . . .     Clarity  .     e - +0 chain mail
rNeg   . . .     Conserve .     (no shield)
rPois  .         rCorr    .     (no helmet)
rElec  .         rRot     .     (no cloak)
SustAb . .       Spirit   .     (no gloves)
rMut   .         Warding  .     (no boots)
Saprov . . .     Stasis   .     (no amulet)
MR     .....                    (no ring)
                                (no ring)

@: not resistant to hostile enchantments, extremely unstealthy
A: talons 1
a: no special abilities


You were on level 2 of the Dungeon.
You were not hungry.

You visited 1 branch of the dungeon, and saw 2 of its levels.

You collected 110 gold pieces.

Inventory:

Hand weapons
 a - a +0,+0 falchion (weapon)
Armour
 b - a +0 leather armour
 e - a +0 chain mail (worn)
Comestibles
 d - 2 bread rations
 n - a choko
 p - a rotting chunk of worm flesh
Scrolls
 i - 2 scrolls of enchant weapon I {unknown}
 j - 4 scrolls of identify {unknown}
 l - a scroll of recharging {unknown}
 m - a scroll of enchant armour {unknown}
 t - 2 scrolls of magic mapping {unknown}
 v - a scroll of noise {unknown}
 w - a scroll of immolation {unknown}
Potions
 f - 2 potions of speed {unknown}
 g - a potion of curing {unknown}
 k - a potion of mutation {unknown}
 q - 3 potions of paralysis {unknown}
 s - a potion of degeneration {unknown}
Books
 c - a book of Battle

   Spells                             Type                      Level
   *Infusion                          Charms                       1
   Shroud of Golubria                 Charms/Translocation         2
   Song of Slaying                    Charms                       2
   Spectral Weapon                    Hexes/Charms                 3
   Regeneration                       Charms/Necromancy            3


   Skills:
 * Level 2.8 Fighting
 + Level 2.2 Long Blades
 + Level 1.1 Armour
 + Level 0.8 Dodging
 * Level 2.2 Spellcasting
 - Level 2.6 Charms


You had 5 spell levels left.
You knew the following spells:

 Your Spells              Type           Power        Failure   Level  Hunger
a - Infusion              Chrm           #.....       100%        1    ##.....


Dungeon Overview and Level Annotations

Branches:
Dungeon (2/16)

Altars:
Dithmenos
Kikubaaqudgha


Innate Abilities, Weirdness & Mutations

You have sharp toenails.


Message History

You hit the giant goldfish zombie. The giant goldfish zombie bites you.
You hit the giant goldfish zombie. You claw the giant goldfish zombie.
The giant goldfish zombie bites you.
You hit the giant goldfish zombie.
The giant goldfish zombie bites you but does no damage.
You hit the giant goldfish zombie but do no damage.
You claw the giant goldfish zombie.
The giant goldfish zombie bites you but does no damage.
The giant goldfish zombie bites you.
You hit the giant goldfish zombie. The giant goldfish zombie bites you.
You hit the giant goldfish zombie.
The giant goldfish zombie bites you but does no damage.
The giant goldfish zombie bites you!
* * * LOW HITPOINT WARNING * * *
Your chain mail prevents you from hitting the giant goldfish zombie.
Your kick misses the giant goldfish zombie.
The giant goldfish zombie bites you!
* * * LOW HITPOINT WARNING * * *
The giant goldfish zombie bites you.
You die...

### ###.# ....#
######## ###.#
#......# #.#
#.####.# #.# #.# #.#
#.#######.## #.#
#.##.......# #@#
#..'.......#≈z.z≈#
####.......#≈≈.≈≈#
#####...#≈≈.≈≈#
######...#≈≈.≈≈#
#####...######≈≈.≈≈#
....'........#≈≈.≈≈#
#####...###..#≈≈.≈≈#
....#........# ≈.≈


You could see 2 giant goldfish zombies.

Vanquished Creatures
  An adder (D:2)
  A worm (D:2)
  A giant gecko (D:1)
  3 bats
  A hobgoblin (D:1)
  A giant newt (D:2)
  4 goblins (D:1)
  A kobold (D:2)
  6 rats
19 creatures vanquished.

Notes
Turn   | Place    | Note
--------------------------------------------------------------
     0 | D:1      | Herrn, the Demonspawn Skald, began the quest for the Orb.
     0 | D:1      | Reached XP level 1. HP: 16/16 MP: 3/3
   196 | D:1      | Gained mutation: You have sharp toenails. [demonic ancestry]
   196 | D:1      | Reached XP level 2. HP: 13/22 MP: 4/4
   766 | D:2      | Found an ancient bone altar of Kikubaaqudgha.
   870 | D:2      | Reached skill level 1 in Armour
  1191 | D:2      | Found a shadowy altar of Dithmenos.
  1223 | D:2      | Reached XP level 3. HP: 8/28 MP: 4/6
  1548 | D:2      | HP: 1/28 [giant goldfish zombie (7)]
  1548 | D:2      | Slain by a giant goldfish zombie

Action                   || total
-------------------------++-------
Melee: Falchion          ||    63
